 Dungeon Crawl Stone Soup version 0.32-a0-779-g362cfcae2a (webtiles) character file.

Game seed: 1541104587034558909

341 Shayle the Trooper (level 6, -4/49 HPs)
             Began as a Coglin Alchemist on Mar 20, 2024.
             Slain by an iguana (11 damage)
             ... on level 4 of the Dungeon.
             The game lasted 00:05:52 (2865 turns).

Shayle the Trooper (Coglin Alchemist)               Turns: 2865, Time: 00:05:54

Health: -4/49      AC:  3    Str:  8    XL:     6   Next: 56%
Magic:  8/8        EV: 11    Int: 17    God:
Gold:   153        SH:  0    Dex: 14    Spells: 7/8 levels left

rFire   . . .        j - +0 sling {Haoran}
rCold   . . .        f - +2 sling {Niklaus}
rNeg    . . .        a - +0 robe
rPois   .            (no helmet)
rElec   .            (no cloak)
rCorr   .            h - +0 pair of gloves
SInv    .            (no boots)
Will    .....        (amulet unavailable)
Stlth   ++           (ring unavailable)
HPRegen 0.28/turn    (ring unavailable)
MPRegen 0.11/turn    (no gizmo)

%: no passive effects
@: revved
A: off-hand wielding, slow wielding, warmup strikes, no jewellery
a: Invent Gizmo


You were on level 4 of the Dungeon.
You visited 1 branch of the dungeon, and saw 4 of its levels.

You collected 153 gold pieces.

Inventory:

Hand Weapons
 d - a +0 dagger {Hilda}
 f - a +2 sling (offhand) {Niklaus}
 j - a +0 sling (weapon) {Haoran}
Armour
 a - a +0 robe (worn)
 h - a +0 pair of gloves (worn)
Wands
 s - a wand of charming (4)
Scrolls
 c - a scroll of fog {unknown}
 g - 2 scrolls of immolation {unknown}
 o - a scroll of vulnerability {unknown}
 p - a scroll of identify {unknown}
 q - a scroll of enchant armour {unknown}
 r - a scroll of teleportation {unknown}
Potions
 b - 2 potions of magic
 e - a potion of lignification {unknown}
 i - a potion of attraction {unknown}
 k - a potion of haste {unknown}
 l - a potion of might {unknown}
 m - a potion of enlightenment
 n - a potion of heal wounds


   Skills:
 + Level 4.3 Fighting
 + Level 3.9 Ranged Weapons
 - Level 1.7 Dodging
 - Level 1.5 Stealth
 - Level 1.7 Spellcasting
 - Level 0.8 Conjurations
 - Level 3.2 Alchemy


You had 7 spell levels left.
You knew the following spells:

 Your Spells              Type           Power      Damage    Failure   Level
a - Sting                 Conj/Alch      32%        1d5       9%          1

Your spell library contained the following spells:

 Spells                   Type           Power      Damage    Failure   Level
 Mercury Vapours          Alch/Air       14%        N/A       16%         2
 Shock                    Conj/Air       8%         1d3       17%         1
 Mephitic Cloud           Conj/Alch/Air  6%         N/A       34%         3
 Olgreb's Toxic Radiance  Alch           12%        N/A       45%         4
 Inner Flame              Hex/Fire       1%         N/A       52%         3
 Swiftness                Air            1%         N/A       52%         3
 Sticky Flame             Fire/Alch      7%         2d4       69%         4
 Flame Wave               Conj/Fire      2%         2d4       86%         4
 Airstrike                Air            0%         2d(1-17)  89%         4


Dungeon Overview and Level Annotations

Branches:
Dungeon (4/15)
 Temple: D:4-7

Altars:
The Shining One


Innate Abilities, Weirdness & Mutations

You can wield a second weapon in your off-hand.
It takes a long time for you to wield or remove held weapons.
Your first few attacks do less damage.
You cannot equip rings or amulets.


Message History

The sling bullet hits the iguana but does no damage.
You shoot a sling bullet. The sling bullet hits the iguana.
The iguana is lightly wounded.
The iguana barely misses you.
You shoot a sling bullet.
The sling bullet closely misses the iguana.
You shoot a sling bullet. The sling bullet hits the iguana.
The iguana is moderately wounded.
The iguana closely misses you. x2
You shoot a sling bullet.
The sling bullet hits the iguana but does no damage.
The iguana is moderately wounded.
You shoot a sling bullet.
The sling bullet closely misses the iguana.
The iguana bites you!
You shoot a sling bullet.
The sling bullet barely misses the iguana.
You shoot a sling bullet.
The sling bullet closely misses the iguana.
The iguana bites you!
You shoot a sling bullet.
The sling bullet closely misses the iguana.
You shoot a sling bullet.
The sling bullet closely misses the iguana.
The iguana bites you.
You shoot a sling bullet. The sling bullet hits the iguana.
The iguana is heavily wounded.
You shoot a sling bullet.
The sling bullet closely misses the iguana.
The iguana bites you.
You are too injured to fight recklessly!
You are too injured to fight recklessly!
You shoot a sling bullet.
The sling bullet barely misses the iguana.
You shoot a sling bullet. The sling bullet hits the iguana.
The iguana is almost dead.
The iguana bites you!
* * * LOW HITPOINT WARNING * * *
The iguana bites you!
You die...

#.#.#####.######.#
#.#...............
#.##.#.##†######.
#.##.#.##.######.#
#####.##.#.#<........#
#........#.##.########
#^....####.....#
#...........#..##########
#.####..@l......[........
# #.####.#####)###### #.#
#. #.<).# #.# # #....#
..# #....# ### #......
#......# ##.....# ......#


You could see an iguana.

Vanquished Creatures
  Sigmund (D:4)
  Jessica (D:3)
  An iguana (D:4)
  An orc wizard (D:4)
  A gnoll (D:1)
  2 ufetubi (D:3)
  A dart slug (D:1)
  7 orcs
  3 bats
  5 endoplasms
  A giant cockroach (D:1)
  4 goblins
  6 hobgoblins
  4 jackals (D:2)
  6 kobolds
  A quokka (D:2)
  8 ball pythons
  2 frilled lizards (D:1)
  11 rats
66 creatures vanquished.

Notes
Turn   | Place    | Note
-------+----------+-------------------------------------------
     0 | D:1      | Shayle the Coglin Alchemist began the quest for the Orb.
     0 | D:1      | Reached XP level 1. HP: 13/13 MP: 3/3
   201 | D:1      | Reached skill level 1 in Fighting
   201 | D:1      | Reached XP level 2. HP: 19/21 MP: 2/4
   247 | D:1      | Reached skill level 1 in Ranged Weapons
   530 | D:1      | Reached XP level 3. HP: 13/27 MP: 0/5
  1022 | D:1      | Reached skill level 2 in Fighting
  1373 | D:2      | Reached XP level 4. HP: 33/33 MP: 6/6
  1505 | D:2      | Found a faded altar of an unknown god.
  1557 | D:2      | Found a glowing golden altar of the Shining One.
  2247 | D:3      | Noticed Jessica
  2252 | D:3      | Killed Jessica
  2676 | D:4      | Noticed Sigmund
  2689 | D:4      | Killed Sigmund
  2690 | D:4      | Reached skill level 4 in Fighting
  2690 | D:4      | Reached XP level 5. HP: 23/42 MP: 7/7
  2690 | D:4      | Reached XP level 6. HP: 26/48 MP: 8/8
  2865 | D:4      | Slain by an iguana

Illustrated notes

Levels and vault maps discovered:
D:1:      dpeg_arrival_ratfight, layout_loops_ring, serial_glass,
          glass_columns_a, glass_columns_a
D:2:      wad_lake_hut, layout_loops_ring, basic_altar,
          ebering_ecumenical_altar_mist
D:3:      layout_loops_cross, uniq_jessica
D:4:      layout_basic, mainiacjoe_overflow_catwalk, lemuel_doored_altar,
          kennysheep_boxes, uniq_blork_the_orc, uniq_sigmund

Skill      XL: |  1  2  3  4 |
---------------+-------------+-----
Fighting       | 1 2 4 |  4.3
Ranged Weapons | 1 2 3 |  3.9
Dodging        | |  1.7
Stealth        | |  1.5
Spellcasting   | |  1.7
Conjurations   | |  0.8
Alchemy        | |  3.2

Action                     |  1- 3 |  4- 6 || total
---------------------------+-------+-------++-------
  Melee: Unarmed           |     3 |       ||     3
         Dagger            |    49 |       ||    49
   Fire: Sling             |    84 |   164 ||   248
   Cast: Sting             |    23 |       ||    23
    Use: Scroll            |       |     2 ||     2
         Potion            |       |     2 ||     2
   Stab: Sleeping          |     3 |       ||     3
 Armour: Robe              |    23 |    35 ||    58
  Dodge: Dodged            |    33 |    41 ||    74

Table legend: (Time is in decaauts)
 A = Elapsed time spent in this place.
 B = Non-inter-level travel time spent in this place.
 C = Inter-level travel time spent in this place.
 D = Time resting spent in this place.
 E = Time spent auto-exploring this place.
 F = Levels seen in this place.
 G = Mean time per level.
                   A        B        C        D        E       F      G
               +--------+--------+--------+--------+--------+-----+--------+
         Total |   2946 |   2855 |     91 |    229 |   2074 |   4 |  736.5 |
       Dungeon |   2946 |   2855 |     91 |    229 |   2074 |   4 |  736.5 |
               +--------+--------+--------+--------+--------+-----+--------+

Top non-repeatable levels by time:
     D:1: 1156 daAuts
     D:2: 891 daAuts
     D:3: 777 daAuts
     D:4: 121 daAuts
